 Dungeon Crawl Stone Soup version 0.25-b1-23-ge2ad7d536c (webtiles) character file.

Game seed: 501257247296773171, levelgen mode: deterministic

42 Dirian the Shield-Bearer (level 3, -2/29 HPs)
             Began as a Formicid Fighter on June 2, 2020.
             Slain by an adder (3 damage)
             ... on level 2 of the Dungeon.
             The game lasted 00:01:35 (1446 turns).

Dirian the Shield-Bearer (Formicid Fighter)         Turns: 1446, Time: 00:01:36

Health: -2/29      AC:  6    Str: 20    XL:     3   Next: 80%
Magic:  3/3        EV:  8    Int:  7    God:
Gold:   142        SH:  9    Dex: 11    Spells: 2/2 levels left

rFire    . . .     SeeInvis +   a - +0 war axe
rCold    . . .     Gourm    .   c - +0 kite shield
rNeg     . . .     Faith    .   b - +0 scale mail
rPois    .         Spirit   .   (helmet unavailable)
rElec    .         Reflect  .   (no cloak)
rCorr    .         Harm     .   (no gloves)
MR       .....                  (no boots)
Stlth    ..........             (no amulet)
HPRegen  0.09/turn              (no ring)
MPRegen  0.08/turn              (no ring)

@: lethally poisoned (-2 -> -5)
A: permanent stasis, dig shafts and tunnels, four strong arms, antennae 3
a: Dig, Shaft Self


You were on level 2 of the Dungeon.
You were not hungry.

You visited 1 branch of the dungeon, and saw 3 of its levels.

You collected 142 gold pieces.

Inventory:

Hand Weapons
 a - a +0 war axe (weapon)
Armour
 b - a +0 scale mail (worn)
 c - a +0 kite shield (worn)
 l - a +0 kite shield
Scrolls
 e - a scroll of remove curse {unknown}
 g - 2 scrolls of enchant armour {unknown}
 h - a scroll of teleportation {unknown}
 i - a scroll of random uselessness {unknown}
 j - a scroll of immolation {unknown}
 n - a scroll of fear {unknown}
 o - a scroll of identify {unknown}
Potions
 d - a potion of might
 k - 3 potions of heal wounds {unknown}
Comestibles
 f - 5 rations
 m - a chunk of flesh


   Skills:
 + Level 3.6 Fighting
 * Level 2.9 Axes
 + Level 3.6 Armour
 + Level 4.0 Shields


You had 2 spell levels left.
You didn't know any spells.
Your spell library was empty.

Dungeon Overview and Level Annotations

Branches:
Dungeon (3/15)

Altars:

Annotations:
D:3 Ijyb


Innate Abilities, Weirdness & Mutations

You cannot be hasted, slowed, berserked, paralysed or teleported.
You can dig through walls and to a lower floor.
Your four strong arms can wield two-handed weapons with a shield.
You have a pair of large antennae on your head. (SInv)


Message History

The adder is moderately wounded.
The adder bites you.
* * * LOW HITPOINT WARNING * * *
The adder bites you.
* * * LOW HITPOINT WARNING * * *
You are lethally poisoned!
The adder poisons you!
Your scale mail prevents you from hitting the adder.
The adder is moderately wounded.
* * * LOW HITPOINT WARNING * * *
You feel sick. You block the adder's attack. The adder bites you.
* * * LOW HITPOINT WARNING * * *
You closely miss the adder.
The adder is moderately wounded.
* * * LOW HITPOINT WARNING * * *
You feel sick.
The adder bites you but does no damage. x2
You miss the adder.
The adder is moderately wounded.
You block the adder's attack. The adder bites you.
You die...

#.....#............#...##...##
#####.############...........##
#.## #............# #..#
#............# ##.#
#............# #.##
##..........## #..#
##########...#....## ##.#
#.......######...## #.#
#...S@..# ###..#### #.#
#.......# ##.##..
#.#####..############.#..#
#........###............##
######.......########.....
######.....## #####.
#.........(#### ##
#.............# #
#...........#.# #


You could see an adder.

Vanquished Creatures
  2 adders (D:2)
  A dart slug (D:1)
  2 leopard geckos
  2 bats (D:2)
  3 hobgoblins
  A quokka (D:2)
  4 frilled lizards
  4 kobolds
  4 rats
23 creatures vanquished.

Notes
Turn   | Place    | Note
-------+----------+-------------------------------------------
     0 | D:1      | Dirian the Formicid Fighter began the quest for the Orb.
     0 | D:1      | Reached XP level 1. HP: 18/18 MP: 1/1
   346 | D:1      | Reached XP level 2. HP: 24/24 MP: 2/2
   977 | D:2      | Reached XP level 3. HP: 29/29 MP: 3/3
  1292 | D:2      | Reached skill level 4 in Shields
  1431 | D:3      | Noticed Ijyb
  1445 | D:2      | HP: 1/29 [poisoned by an adder]
  1446 | D:2      | Slain by an adder

Illustrated notes

Levels and vault maps discovered:
D:1:      scummos_arrival_gate, layout_basic, kennysheep_doodads, minmay_tripent
D:2:      layout_rooms, first_ration
D:3:      layout_basic, chequers_serial_rivers_micro_b,
          nicolae_ashenzari_panopticon, uniq_grinder, uniq_sigmund, uniq_ijyb

Skill      XL: |  1  2  3 |
---------------+----------+-----
Shields        | 4 |  4.0
Fighting       | |  3.6
Axes           | |  2.9
Armour         | |  3.6

Action                   || total
-------------------------++-------
Melee: War axe           ||    74
  Eat: Chunk             ||     2
Armor: Scale mail        ||    26
Dodge: Dodged            ||    20
Block: Kite shield       ||    50
